 Dungeon Crawl Stone Soup version 0.28-a0-1632-g283549b12f (webtiles) character file.

Game seed: 8146290285062235229

84 Essalna the Firebug (level 4, 0/30 HPs)
             Began as a Demonspawn Fire Elementalist on Jan 25, 2022.
             Was an Initiate of Ashenzari.
             Slain by an iguana (5 damage)
             ... on level 4 of the Dungeon.
             The game lasted 00:04:35 (3716 turns).

Essalna the Firebug (Demonspawn Fire Elementalist)  Turns: 3716, Time: 00:04:36

Health: 0/30       AC: 10    Str:  9    XL:     4   Next: 23%
Magic:  2/8        EV: 12    Int: 20    God:    Ashenzari [......]
Gold:   105        SH:  0    Dex: 13    Spells: 5/8 levels left

rFire   . . .      SeeInvis .   m - +3 whip "Cenaf" {protect, rElec Will+}
rCold   . . .      Faith    .   (no shield)
rNeg    . . .      Spirit   .   a - +0 robe
rPois   .          Reflect  .   i - +0 helmet
rElec   +          Harm     .   (no cloak)
rCorr   .          Rampage  .   (no gloves)
Will    +....                   (no boots)
Stlth   ++........              b - amulet of the acrobat
HPRegen 0.10/turn               (no ring)
MPRegen 0.11/turn               (no ring)

@: under a protective aura
A: claws 1, powered by pain 1, big brain 1
a: Renounce Religion


You were on level 4 of the Dungeon.
You worshipped Ashenzari.
Ashenzari was noncommittal.
You visited 1 branch of the dungeon, and saw 4 of its levels.

You collected 105 gold pieces.

Inventory:

Hand Weapons
 e - a +0 short sword
 m - the +3 whip "Cenaf" (weapon) {protect, rElec Will+}
   (You found it on level 2 of the Dungeon)

   It grants its wielder temporary protection when it strikes (+7 to AC).
   rElec:     It insulates you from electricity.
   Will:      It increases your willpower.
Armour
 a - a +0 robe (worn)
 i - a +0 helmet (worn)
Jewellery
 b - an amulet of the acrobat (around neck)
Scrolls
 c - a scroll of noise {unknown}
 f - 4 scrolls of vulnerability {unknown}
 g - a scroll of acquirement {unknown}
 h - a scroll of enchant armour {unknown}
 l - 2 scrolls of identify {unknown}
 n - a scroll of teleportation {unknown}
 o - a scroll of silence {unknown}
Potions
 d - 2 potions of invisibility {unknown}
 j - a potion of might {unknown}
 k - 2 potions of heal wounds {unknown}


   Skills:
 - Level 1.7 Dodging
 - Level 1.7 Stealth
 + Level 2.9 Spellcasting
 + Level 2.4 Conjurations
 + Level 3.4 Fire Magic


You had 5 spell levels left.
You knew the following spells:

 Your Spells              Type           Power      Damage    Failure   Level
a - Foxfire               Conj/Fire      56%        2x1d6     4%          1
b - Scorch                Fire           32%        2d6       5%          2

Your spell library contained the following spells:

 Spells                   Type           Power      Damage    Failure   Level
 Conjure Flame            Conj/Fire      14%        6-21      13%         3
 Animate Skeleton         Necr           4%         N/A       14%         1
 Apportation              Tloc           4%         N/A       14%         1
 Summon Small Mammal      Summ           8%         N/A       14%         1
 Sublimation of Blood     Necr           2%         N/A       22%         2
 Inner Flame              Hex/Fire       9%         N/A       22%         3
 Flame Wave               Conj/Fire      14%        2d6       38%         4
 Petrify                  Tmut/Erth      2%         N/A       82%         4
 Irradiate                Conj/Tmut      3%         3d14      94%         5


Dungeon Overview and Level Annotations

Branches:
Dungeon (4/15)
 Temple: D:4-7

Altars:
Ashenzari
Cheibriados
Elyvilon
Ru
Xom

Shops:
D:2 (


Innate Abilities, Weirdness & Mutations

You have sharp fingernails.
You sometimes gain a little power by taking damage.
You have an unusually large brain. (Int +2)


Message History

You barely miss the iguana.
The iguana is severely wounded.
The iguana bites you but does no damage.
You barely miss the iguana.
The iguana is severely wounded.
The iguana misses you. The iguana closely misses you.
Your magical contamination has completely faded away.
You barely miss the iguana. You claw the iguana, but do no damage.
The iguana is severely wounded.
The iguana bites you!
You hit the iguana but do no damage.
Your weapon exudes an aura of protection.
The iguana is severely wounded.
The iguana closely misses you.
You barely miss the iguana.
The iguana is severely wounded.
The iguana completely misses you.
You hit the iguana.
The iguana is severely wounded.
The iguana closely misses you.
You hit the iguana but do no damage.
The iguana is severely wounded.
The iguana bites you.
You barely miss the iguana.
The iguana is severely wounded.
The iguana closely misses you.
You hit the iguana but do no damage.
The iguana is severely wounded.
The iguana completely misses you.
You hit the iguana but do no damage.
The iguana is severely wounded.
The iguana bites you!
You hit the iguana.
The iguana is almost dead.
The iguana bites you.
* * * LOW HITPOINT WARNING * * *
You hit the iguana.
The iguana is almost dead.
The iguana bites you.
You die...

..#. ... # .. ..# .
.##?## #.# .## ...
..... ..+ ..
..$.##..#+#.# ..
.......l....# .
......†@....#.#
............#.####.
..[........<.......
............#.#####
.###......)†# ..
###........ ##
#.........
#.........
...........#


You could see an iguana.

Vanquished Creatures
  A howler monkey zombie (D:3)
  An adder (D:4)
  2 worms (D:2)
  An orc (D:2)
  8 bats
  7 endoplasms
  4 giant cockroaches
  5 goblins
  4 hobgoblins
  A jackal (D:4)
  7 kobolds
  3 quokkas
  2 ball pythons (D:2)
  2 frilled lizards
  4 rats
52 creatures vanquished.

Vanquished Creatures (others)
  118 foxfires
118 creatures vanquished.

Grand Total: 170 creatures vanquished

Notes
Turn   | Place    | Note
-------+----------+-------------------------------------------
     0 | D:1      | Essalna the Demonspawn Fire Elementalist began the quest
                  | for the Orb.
     0 | D:1      | Reached XP level 1. HP: 13/13 MP: 3/3
   355 | D:1      | Gained mutation: You sometimes gain a little power by
                  | taking damage. [demonic ancestry]
   355 | D:1      | Reached XP level 2. HP: 19/19 MP: 1/5
   584 | D:1      | Reached skill level 3 in Fire Magic
  1373 | D:2      | Learned a level 2 spell: Scorch
  1755 | D:2      | Gained mutation: You have sharp fingernails. [demonic
                  | ancestry]
  1755 | D:2      | Reached XP level 3. HP: 24/24 MP: 3/6
  1967 | D:2      | Identified the +3 whip "Cenaf" {protect, rElec Will+}
  2242 | D:2      | Found Mucwig's Antique Weapon Shoppe.
  3285 | D:3      | Gained mutation: You have an unusually large brain. (Int
                  | +2) [demonic ancestry]
  3285 | D:3      | Reached XP level 4. HP: 27/30 MP: 8/8
  3451 | D:3      | Found a shimmering altar of Xom.
  3451 | D:3      | Found a faded altar of an unknown god.
  3459 | D:3      | Found a sacrificial altar of Ru.
  3461 | D:3      | Found a broken altar of Ashenzari.
  3463 | D:3      | Found a snail-covered altar of Cheibriados.
  3473 | D:3      | Became a worshipper of Ashenzari the Shackled
  3716 | D:4      | Slain by an iguana

Illustrated notes

Levels and vault maps discovered:
D:1:      minmay_arrival_checkered_box, layout_basic
D:2:      layout_basic, basic_altar, serial_shops, nicolae_shop_behind_doors,
          item_on_display_a
D:3:      layout_loops_corners, chequers_temple_overflow_minitemple
D:4:      cheibrodos_helix_gallery, layout_basic, minmay_misc_feat_columns,
          fountainhead

Skill      XL: |  1  2  3 |
---------------+----------+-----
Fire Magic     | 3 |  3.4
Conjurations   | 2 |  2.4
Dodging        | |  1.7
Stealth        | |  1.7
Spellcasting   | |  2.9

Action                   |  1- 3 |  4- 6 || total
-------------------------+-------+-------++-------
Melee: Short sword       |     9 |       ||     9
       Unarmed           |     1 |       ||     1
       Whip              |    78 |    37 ||   115
       Punch             |     1 |     1 ||     2
 Cast: Foxfire           |    63 |     8 ||    71
 Stab: Sleeping          |     1 |     1 ||     2
Armor: Robe              |    34 |     6 ||    40
Dodge: Dodged            |    68 |    35 ||   103

Table legend: (Time is in decaauts)
 A = Elapsed time spent in this place.
 B = Non-inter-level travel time spent in this place.
 C = Inter-level travel time spent in this place.
 D = Time resting spent in this place.
 E = Time spent auto-exploring this place.
 F = Levels seen in this place.
 G = Mean time per level.
                   A        B        C        D        E       F      G
               +--------+--------+--------+--------+--------+-----+--------+
         Total |   3726 |   3679 |     47 |      0 |   3202 |   4 |  931.5 |
       Dungeon |   3726 |   3679 |     47 |      0 |   3202 |   4 |  931.5 |
               +--------+--------+--------+--------+--------+-----+--------+

Top non-repeatable levels by time:
     D:1: 1326 daAuts
     D:2: 1253 daAuts
     D:3: 1086 daAuts
     D:4: 60 daAuts
